 Dungeon Crawl Stone Soup version 0.22-a0-196-gee22f27 (webtiles) character file.

53 b5mith the Skirmisher (level 3, -5/33 HPs)
             Began as a Minotaur Berserker on Feb 17, 2018.
             Was a Believer of Trog.
             Killed from afar by a white imp (9 damage)
             ... with a puff of frost
             ... summoned by Natasha
             ... on level 2 of the Dungeon.
             The game lasted 00:04:44 (1568 turns).

b5mith the Skirmisher (Minotaur Berserker)          Turns: 1568, Time: 00:04:44

Health: -5/33      AC:  2    Str: 22    XL:     3   Next: 64%
Magic:  2/2        EV: 12    Int:  4    God:    Trog [**....]
Gold:   64         SH:  0    Dex:  9    Spells: 2/2 levels left

rFire    . . .     SeeInvis .   a - +0 spear
rCold    . . .     Gourm    .   (no shield)
rNeg     . . .     Faith    .   b - +0 animal skin
rPois    .         Spirit   .   (helmet restricted)
rElec    .         Reflect  .   (no cloak)
rCorr    .         Harm     .   (no gloves)
MR       .....                  (no boots)
Stlth    +.........             (no amulet)
HPRegen  0.11/turn              (no ring)
MPRegen  0.08/turn              (no ring)

@: confused
A: retaliatory headbutt, horns 2
a: Berserk, Trog's Hand, Burn Spellbooks, Renounce Religion


You were on level 2 of the Dungeon.
You worshipped Trog.
Trog was pleased with you.
You were not hungry.

You visited 1 branch of the dungeon, and saw 2 of its levels.

You collected 64 gold pieces.

Inventory:

Hand Weapons
 a - a +0 spear (weapon)
Missiles
 d - 111 stones (quivered)
 e - a tomahawk
 i - 3 javelins
Armour
 b - a +0 animal skin (worn)
Scrolls
 f - 2 scrolls of identify {unknown}
 h - a scroll of fog {unknown}
 k - a scroll of remove curse {unknown}
 l - a scroll of enchant armour {unknown}
 m - 2 scrolls of amnesia {unknown}
 n - a scroll of fear {unknown}
 p - 2 scrolls of immolation {unknown}
Potions
 g - a potion of magic {unknown}
 j - a potion of flight {unknown}
 o - a potion of might {unknown}
Comestibles
 c - a ration


   Skills:
 + Level 4.2 Fighting
 + Level 4.2 Polearms
 + Level 3.2 Armour
 + Level 2.9 Dodging


You had 2 spell levels left.
You didn't know any spells.

Dungeon Overview and Level Annotations

Branches:
Dungeon (2/15)

Altars:
Dithmenos

Annotations:
D:2 Natasha, Sigmund


Innate Abilities, Weirdness & Mutations

You reflexively headbutt those who attack you in melee.
You have a pair of horns on your head.


Message History

Natasha mumbles some strange words.
The white imp shouts!
Sigmund casts a spell at you.
You are confused.
The white imp shouts, "Slither hence, thou beslubbering full-gorged veal!"
There is an open door here.
Sigmund gestures wildly while chanting.
Sigmund flickers and vanishes!
You're too confused to move!
You hear some strange, mumbled words.
You are more confused.
The worm bites you! Something hits you!
* * * LOW HITPOINT WARNING * * *
Natasha claws you!
* * * LOW HITPOINT WARNING * * *
There is an open door, spattered with blood here.
The white imp gestures at you. The puff of frost hits you!
You die...

##..#.###..........##.........#
#......#.#####....####..._...##
#.......## #......##.........#
#.#.#>### ##.................
#...#.# ##.###..##.....##.
#..##.# #.# #.###..#..###
#..##.# #.# #.##..###..##
#..##.# ##'###.....###....
#.....# #@wh######..#..#..
##.#### #{$...# #.....#..
#.##.## #....5..# #.#......
#.....####.........# #....##.#
##...{>(.'.........'..........
#.(..####.........####...##.#
#.#.## ##.......## ##......
#.### ##.....## #.###. #.#
#...# #.# #


You could see a worm, Natasha and a white imp.

Vanquished Creatures
  An adder (D:2)
  A worm (D:2)
  2 dart slugs (D:1)
  2 leopard geckos (D:1)
  4 orcs (D:2)
  3 bats (D:1)
  A giant cockroach (D:2)
  4 goblins
  3 hobgoblins (D:2)
  4 frilled lizards
  5 kobolds
  2 rats (D:2)
32 creatures vanquished.

Notes
Turn   | Place    | Note
-------+----------+-------------------------------------------
     0 | D:1      | b5mith the Minotaur Berserker began the quest for the Orb.
     0 | D:1      | Reached XP level 1. HP: 19/19 MP: 0/0
   228 | D:1      | Reached XP level 2. HP: 27/27 MP: 1/1
   885 | D:2      | Reached ** piety under Trog
   885 | D:2      | Reached XP level 3. HP: 20/33 MP: 2/2
  1074 | D:2      | Found a shadowy altar of Dithmenos.
  1365 | D:2      | Noticed Sigmund
  1563 | D:2      | Noticed Natasha
  1568 | D:2      | Killed from afar by a white imp

Vault maps used:
D:1:      saegor_arrival_simple_f
D:2:      fedhas_altar_4, nicolae_dithmenos_shadow_blocks, uniq_natasha,
          uniq_sigmund

Skill      XL: |  1  2 |
---------------+-------+-----
Fighting       | 4 |  4.2
Polearms       | 4 |  4.2
Armour         | 3 |  3.2
Dodging        | |  2.9

Action                   || total
-------------------------++-------
Melee: Spear             ||    77
       Headbutt          ||     6
Throw: Stone             ||     6
  Use: Scroll            ||     2
  Eat: Ration            ||     1
Armor: Animal skin       ||     6
Dodge: Dodged            ||    32

Table legend:
 A = Spawn XP
 B = Non-spawn XP
 C = Spawn XP percentage of total XP
 D = Spawn monster count
 E = Non-spawn monster count
 F = Spawn count percentage of total count
 G = Total turns spent on level
                    A         B        C        D         E        F      G
               +---------+---------+-------+---------+---------+-------+---------
         Total |       0 |      77 |   0.0 |       0 |      32 |   0.0 |  1568
               +---------+---------+-------+---------+---------+-------+---------
           D:1 |       0 |      32 |   0.0 |       0 |      17 |   0.0 |   850
           D:2 |       0 |      45 |   0.0 |       0 |      15 |   0.0 |   718
               +---------+---------+-------+---------+---------+-------+---------
